AoeStats
← Cbobs

MegaRandom

510032589Analyzed
3v3 RM · 4d ago on Sep 29, 2026· 44m 23s· 6 players
Game mode
Random Map
Map size
Normal (6 player)
Population
200
Speed
Normal
Resources
Standard
Victory
Conquest
Starting age
Dark Age
Ending age
Imperial Age
RankedLock teamsTeams togetherTeam positionsShared explorationLock speedFull tech treeHidden civsTurbo modeCheats
Victory
Defeat
🇺🇸 Saxons · United States
1129
+15
🇺🇸 Varangians · United States
1083
+17
🇺🇸 Portuguese · United States
1039
+20
🇵🇪 Malians · Peru
1142
-18
🇹🇼 Bohemians · Taiwan
1102
-17
🇺🇸 Spanish · United States
1093
-17
Trad Dad
0:29 Loom
11:20 Feudal Age
9:40 Loom
12:02 Double-Bit Axe
12:18 Horse Collar
18:22 Castle Age
17:17 Fletching
17:35 Padded Archer Armor
18:41 Gold Mining
21:21 Elite Skirmisher
22:21 Leather Archer Armor
24:07 Bodkin Arrow
26:32 Ballistics
28:18 Treadmill Crane
31:22 Town Watch
32:12 Wheelbarrow
32:25 Heavy Plow
37:25 Imperial Age
37:04 Circumnavigation
37:48 Thumb Ring
39:08 Chemistry
40:39 Arquebus
41:00 Conscription
42:14 Bracer
42:45 Ring Archer Armor
Cbobs
11:43 Feudal Age
14:14 Horse Collar
15:50 Scale Barding Armor
16:26 Bloodlines
27:18 Castle Age
27:22 Double-Bit Axe
27:51 Forging
29:33 Bow Saw
34:32 Gold Mining
36:29 Chain Barding Armor
37:26 Stone Mining
44:02 Husbandry
Trobo510
7:23 Loom
9:46 Feudal Age
10:01 Man-at-Arms
20:40 Castle Age
19:26 Scale Mail Armor
29:40 Elite Skirmisher
30:17 Fletching
30:28 Padded Archer Armor
33:17 Double-Bit Axe
33:15 Horse Collar
35:09 Wheelbarrow
34:19 Town Watch
37:59 Bodkin Arrow
44:04 Chain Mail Armor
43:59 Forging
44:07 Bow Saw
Hieronymous Bosch
6:29 Loom
10:11 Feudal Age
10:50 Double-Bit Axe
12:58 Fletching
15:22 Horse Collar
20:15 Castle Age
22:45 Gold Mining
26:15 Scale Barding Armor
26:40 Bloodlines
28:16 Town Watch
30:21 Light Cavalry
34:31 Forging
41:17 Bodkin Arrow
AdamSvp21
5:29 Loom
10:02 Feudal Age
16:27 Fletching
18:05 Padded Archer Armor
21:00 Wheelbarrow
23:49 Castle Age
22:57 Padded Archer Armor
22:44 Double-Bit Axe
22:40 Horse Collar
22:52 Gold Mining
24:00 Crossbowman
25:04 Bodkin Arrow
30:47 Pikeman
31:38 Forging
33:51 Town Watch
39:04 Imperial Age
37:23 Iron Casting
36:50 Squires
39:11 Scale Mail Armor
39:42 Ballistics
40:45 Conscription
40:43 Hand Cart
43:59 Bloodlines
sky_wu
1:11 Loom
12:23 Feudal Age
21:03 Castle Age
19:26 Double-Bit Axe
19:22 Horse Collar
Connection lost

Rejoining the realm…

Still unreachable

The connection could not be restored.

Session expired

The server has moved on; the page needs a fresh start.